 Dungeon Crawl Stone Soup version 0.29.1-2-gbd0b4ee654 (webtiles) character file.

Game seed: 17240273544947542678

56901 RUZZLEFAZAZZLE the Blocker (level 14, -14/113 HPs)
             Began as a Gnoll Fighter on Nov 25, 2022.
             Was an Elder of Okawaru.
             Killed from afar by a deep elf zephyrmancer (29 damage)
             ... with a bolt of lightning
             ... on level 1 of the Elven Halls.
             The game lasted 00:55:19 (19588 turns).

RUZZLEFAZAZZLE the Blocker (Gnoll Fighter)         Turns: 19588, Time: 00:55:20

Health: -14/113    AC: 27    Str: 25    XL:     14   Next: 83%
Magic:  27/27      EV: 12    Int:  8    God:    Okawaru [****..]
Gold:   1326       SH:  8    Dex: 19    Spells: 32/32 levels left

rFire   + + +      SeeInvis +   b - +8 trishula "Condemnation" {holy, anguish, *Noise Fly rN+}
rCold   x . .      Faith    .   c - +0 buckler
rNeg    + . .      Spirit   .   k - +2 plate armour {rPois}
rPois   +          Reflect  .   A - +2 hat {Will+}
rElec   .          Harm     .   g - +0 cloak
rCorr   .          Rampage  .   d - +0 pair of gloves of Gluttony {-Tele rF+++ rC- SInv}
Will    ++...      Clarity  +   e - +2 pair of boots {Stlth+}
Stlth   +......... NoTele   +   (no amulet)
HPRegen 0.28/turn               q - +6 ring of dexterity
MPRegen 0.20/turn               x - +6 ring of strength

@: flying, unable to drink
A: fangs 1, strong nose, distributed training, iridescent scales 1, clarity,
inability to drink after injury 1, MP-powered wands
a: Renounce Religion, Heroism, Finesse


You were on level 1 of the Elven Halls.
You worshipped Okawaru.
Okawaru was greatly pleased with you.
You visited 4 branches of the dungeon, and saw 17 of its levels.
You also visited: Bailey.

You collected 1498 gold pieces.
You spent 172 gold pieces at shops.

Inventory:

Hand Weapons
 a - a +0 war axe of flaming
 b - the +8 trishula "Condemnation" (weapon) {holy, anguish, *Noise Fly rN+}
   (You acquired it on level 7 of the Dungeon)

   It has been blessed by the Shining One to cause great damage to the undead
   and demons.
   It inflicts anguish, making its victims' attacks reflect back on them.
   rN:        It protects you from negative energy.
   Fly:       It grants you flight.
   *Noise:    It may make noises in combat.
 u - a +5 mace
 I - a +4 rapier of venom
Missiles
 J - an atropa-tipped dart
 K - 4 javelins (quivered)
Armour
 c - a +0 buckler (worn)
 d - the +0 pair of gloves of Gluttony (worn) {-Tele rF+++ rC- SInv}
   (You found it on level 6 of the Dungeon)

   rF:        It renders you almost immune to fire.
   rC:        It makes you vulnerable to cold.
   SInv:      It lets you see invisible.
   -Tele:     It prevents most forms of teleportation.
 e - a +2 pair of boots of stealth (worn)
 g - a +0 cloak (worn)
 k - a +2 plate armour of poison resistance (worn)
 p - a +4 plate armour of fire resistance
 A - a +2 hat of willpower (worn)
Jewellery
 q - a +6 ring of dexterity (left hand)
 x - a +6 ring of strength (right hand)
 y - a ring of see invisible
 B - a +4 ring of protection
Wands
 j - a wand of paralysis (6)
 m - a wand of mindburst (16)
 s - a wand of acid (23)
 w - a wand of roots (14)
 G - a wand of flame (13)
Scrolls
 h - 5 scrolls of fear
 i - 3 scrolls of blinking
 o - 5 scrolls of enchant weapon
 v - 7 scrolls of teleportation
 z - a scroll of magic mapping
Potions
 f - 3 potions of flight
 l - 4 potions of curing
 n - 2 potions of might
 r - a potion of resistance {unknown}
 t - 5 potions of lignification
 C - a potion of haste
 D - a potion of cancellation {unknown}
 E - a potion of magic {unknown}
 F - a potion of ambrosia {unknown}
 H - a potion of brilliance {unknown}


   Skills:
 + Level 11.5 Fighting
 + Level 9.5 Short Blades
 + Level 9.5 Long Blades
 + Level 10.6 Axes
 + Level 9.5 Maces & Flails
 + Level 9.5 Polearms
 + Level 9.5 Staves
 + Level 9.5 Ranged Weapons
 + Level 9.5 Throwing
 + Level 11.5 Armour
 + Level 9.5 Dodging
 + Level 9.5 Stealth
 + Level 11.5 Shields
 + Level 9.5 Unarmed Combat
 + Level 9.5 Spellcasting
 + Level 8.0 Conjurations
 + Level 8.0 Hexes
 + Level 8.0 Summonings
 + Level 8.0 Necromancy
 + Level 8.0 Translocations
 + Level 8.0 Transmutations
 + Level 8.0 Fire Magic
 + Level 8.0 Ice Magic
 + Level 8.0 Air Magic
 + Level 8.0 Earth Magic
 + Level 8.0 Poison Magic
 + Level 10.4 Invocations
 + Level 9.5 Evocations


You had 32 spell levels left.
You didn't know any spells.
Your spell library contained the following spells:

 Spells                   Type           Power      Damage    Failure   Level
 Apportation              Tloc           32%        N/A       7%          1
 Freeze                   Ice            64%        1d8       7%          1
 Necrotise                Necr           64%        1d7       7%          1
 Frozen Ramparts          Ice            32%        1d5       21%         3
 Ignite Poison            Fire/Tmut/Pois 16%        N/A       21%         3
 Inner Flame              Hex/Fire       16%        N/A       21%         3
 Portal Projectile        Hex/Tloc       32%        N/A       21%         3
 Cause Fear               Hex            8%         N/A       56%         4
 Hailstorm                Conj/Ice       16%        3d6       56%         4
 Leda's Liquefaction      Hex/Erth       8%         N/A       56%         4
 Passage of Golubria      Tloc           16%        N/A       56%         4
 Blade Hands              Tmut           8%         N/A       88%         5
 Yara's Violent Unravell  Hex/Tmut       8%         3d5       88%         5
 Eringya's Noxious Bog    Tmut/Pois      8%         N/A       100%        6
 Storm Form               Tmut/Air       8%         N/A       100%        7
 Discord                  Hex            8%         N/A       100%        8
 Summon Small Mammal      Summ           Unusable   N/A       N/A         1
 Call Canine Familiar     Summ           Unusable   N/A       N/A         3
 Tukima's Dance           Hex            Unusable   N/A       N/A         3

Dungeon Overview and Level Annotations

Branches:
Dungeon (13/15)            Temple (1/1) D:5            Lair (0/5) D:9
    Orc (2/2) D:10            Elf (1/3) Orc:2        Bailey (visited)
 Vaults: D:13-14

Altars:
Ashenzari
Cheibriados
Dithmenos
Elyvilon
Fedhas
Gozag
Hepliaklqana
Kikubaaqudgha
Makhleb
Nemelex Xobeh
Okawaru
Qazlal
Ru
Sif Muna
Trog
Uskayaw
Vehumet
Wu Jian
Xom
Yredelemnul
Zin
The Shining One

Shops:
D:6 *   Orc:1 (   Orc:2 [(=*(

Portals:
Trove: D:12 (show slimy rune of Zot)


Innate Abilities, Weirdness & Mutations

You have very sharp teeth.
Your uncanny sense of smell can sniff out nearby items.
Your experience applies equally to all skills.
You are partially covered in iridescent scales. (AC +2)
You possess an exceptional clarity of mind.
You occasionally lose the ability to drink potions when taking damage.
You expend magic power (3 MP) to strengthen your wands.


Message History

The deep elf zephyrmancer hits you but does no damage.
The deep elf zephyrmancer casts a spell at you.
The bolt of lightning hits you!! x2
You feel threatened and lose the ability to drink potions!
* * * LOW HITPOINT WARNING * * *
The deep elf zephyrmancer is wracked by anguish!!!
The deep elf zephyrmancer dies!
Okawaru accepts your kill.
The deep elf archer unwields a +0 dagger.
The deep elf archer wields a +0 shortbow.
The deep elf archer shoots an arrow.
The arrow hits you!
* * * LOW HITPOINT WARNING * * *
Your Conjurations skill increases to level 8!
Your Hexes skill increases to level 8!
Your Summonings skill increases to level 8!
Your Necromancy skill increases to level 8!
Your Translocations skill increases to level 8!
Your Transmutations skill increases to level 8!
Your Fire Magic skill increases to level 8!
Your Ice Magic skill increases to level 8!
Your Air Magic skill increases to level 8!
Your Earth Magic skill increases to level 8!
Your Poison Magic skill increases to level 8!
You cannot drink potions in your current state!
A deep elf zephyrmancer comes into view.
It is wielding a +0 short sword.
The deep elf zephyrmancer shouts!
You cannot drink potions in your current state!
The deep elf zephyrmancer gestures at you while chanting.
The bolt of lightning misses you.
The deep elf archer shoots an arrow.
The arrow hits you.
* * * LOW HITPOINT WARNING * * *
You hear a shout! x2
The deep elf demonologist casts a spell.
The deep elf archer shoots an arrow.
The arrow closely misses you.
The deep elf archer shoots an arrow.
The arrow hits you but does no damage.
The deep elf archer shoots an arrow.
The arrow hits you.
* * * LOW HITPOINT WARNING * * *
The deep elf zephyrmancer points at you and mumbles some strange words.
The bolt of lightning hits you!!
You die...

#e##.# #.##.#
#######.##.#####.#
...e..e..........#
..#####.##.#######
#.##.# #.##.#
######### #.##.#
#.......## #@##.#
#.#####...
#.##.####.# #.##
#.##.(....# #.#
#.#######.# #.##
#.........#####.#[
########..........
##.###.###.#
###...........
##....8.....8..


You could see a deep elf zephyrmancer.

Vanquished Creatures
  3 orc warlords
  A boulder beetle (D:12)
  3 two-headed ogres
  A dancing weapon (Elf:1)
  2 orc high priests
  5 death yaks (D:9)
  Sonja (Orc:1)
  A deep elf knight (Elf:1)
  3 skeletal warriors (D:12)
  Pikel (D:8)
  4 orc knights
  3 deep elf zephyrmancers
  6 orc sorcerers
  4 deep elf pyromancers
  A cyclops (Orc:1)
  Joseph (D:8)
  A gargoyle (D:12)
  5 kobold demonologists
  A guardian mummy (D:12)
  6 trolls
  2 hornets
  Grinder (D:4)
  Prince Ribbit (D:6)
  Sigmund (D:2)
  A wyvern (D:7)
  3 wraiths
  Grum (D:11)
  A vampire (D:11)
  3 yaks (D:12)
  3 vampire mosquitoes (D:12)
  2 steam dragons
  Menkaure (D:6)
  3 wargs
  An acid dragon (D:12)
  3 sky beasts
  2 ice beasts
  37 orc warriors
  A swamp drake (D:10)
  3 black bears
  2 wolves (D:11)
  6 ogres
  9 centaurs
  A lemure (D:9)
  A phantom (D:5)
  Blork the orc (Orc:2)
  3 kobold brigands
  A bullfrog (D:9)
  2 gnoll sergeants (D:7)
  4 scorpions
  8 wights
  7 killer bees
  5 howler monkeys
  3 jellies
  6 hounds
  18 orc priests
  A gnoll bouda (D:5)
  3 iguanas
  27 orc wizards
  6 adders
  18 gnolls
  A shadow imp (D:6)
  2 ufetubi (D:6)
  7 worms
  3 dart slugs
  86 orcs
  7 ball pythons
  5 endoplasms
  8 giant cockroaches
  14 hobgoblins
  13 jackals
  5 quokkas
  11 bats
  5 frilled lizards
  24 goblins
  22 kobolds
  3 rats
471 creatures vanquished.

Vanquished Creatures (others)
  2 orc warlords (Orc:2)
  2 orc knights
  A deep elf zephyrmancer (Elf:1)
  A gargoyle (D:10)
  A troll (D:10)
  A warg (Orc:1)
  5 orc warriors
  2 killer bees (D:7)
  An orc wizard (Orc:1)
  2 plants (D:2)
18 creatures vanquished.

Grand Total: 489 creatures vanquished

Notes
Turn   | Place    | Note
-------+----------+-------------------------------------------
     0 | D:1      | RUZZLEFAZAZZLE the Gnoll Fighter began the quest for the
                  | Orb.
     0 | D:1      | Reached XP level 1. HP: 23/23 MP: 1/1
   105 | D:1      | Reached XP level 2. HP: 29/29 MP: 2/2
   173 | D:1      | You fall into a shaft and drop 1 floor!
   246 | D:1      | Reached XP level 3. HP: 34/35 MP: 3/3
   320 | D:1      | Reached skill level 1 in Invocations
   428 | D:1      | Reached skill level 1 in Short Blades
   428 | D:1      | Reached skill level 1 in Long Blades
   428 | D:1      | Reached skill level 1 in Maces & Flails
   428 | D:1      | Reached skill level 1 in Polearms
   428 | D:1      | Reached skill level 1 in Staves
   428 | D:1      | Reached skill level 1 in Ranged Weapons
   428 | D:1      | Reached skill level 1 in Throwing
   428 | D:1      | Reached skill level 1 in Dodging
   428 | D:1      | Reached skill level 1 in Stealth
   428 | D:1      | Reached skill level 1 in Unarmed Combat
   428 | D:1      | Reached skill level 1 in Spellcasting
   428 | D:1      | Reached skill level 1 in Evocations
   804 | D:2      | Reached XP level 4. HP: 38/41 MP: 5/5
   943 | D:2      | Noticed Sigmund
   964 | D:2      | Killed Sigmund
   965 | D:2      | Reached skill level 1 in Conjurations
   965 | D:2      | Reached skill level 1 in Hexes
   965 | D:2      | Reached skill level 1 in Summonings
   965 | D:2      | Reached skill level 1 in Necromancy
   965 | D:2      | Reached skill level 1 in Translocations
   965 | D:2      | Reached skill level 1 in Transmutations
   965 | D:2      | Reached skill level 1 in Fire Magic
   965 | D:2      | Reached skill level 1 in Ice Magic
   965 | D:2      | Reached skill level 1 in Air Magic
   965 | D:2      | Reached skill level 1 in Earth Magic
   965 | D:2      | Reached skill level 1 in Poison Magic
   965 | D:2      | Reached XP level 5. HP: 17/47 MP: 5/7
   965 | D:2      | Reached XP level 6. HP: 20/53 MP: 5/8
  1260 | D:2      | Found a faded altar of an unknown god.
  1747 | D:3      | Reached skill level 5 in Axes
  2123 | D:4      | Noticed Grinder
  2139 | D:4      | Killed Grinder
  2140 | D:4      | Reached XP level 7. HP: 43/60 MP: 10/10
  2153 | D:4      | Gained mutation: You expend magic power (3 MP) to
                  | strengthen your wands. [potion of mutation]
  2153 | D:4      | Gained mutation: You occasionally lose the ability to drink
                  | potions when taking damage. [potion of mutation]
  2153 | D:4      | Gained mutation: You are partially covered in iridescent
                  | scales. (AC +2) [potion of mutation]
  2153 | D:4      | Gained mutation: You possess an exceptional clarity of
                  | mind. [potion of mutation]
  2367 | D:4      | Found a glowing golden altar of the Shining One.
  2964 | D:5      | Entered Level 5 of the Dungeon
  2971 | D:5      | Reached XP level 8. HP: 59/67 MP: 12/12
  3114 | D:5      | Found a staircase to the Ecumenical Temple.
  3123 | Temple   | Entered the Ecumenical Temple
  3123 | Temple   | Found a transporter.
  3123 | Temple   | Found a transporter.
  3144 | Temple   | Found a transporter.
  3144 | Temple   | Found a transporter.
  3177 | Temple   | Became a worshipper of Warmaster Okawaru
  3965 | D:6      | Reached * piety under Okawaru
  4071 | D:6      | Found a sacrificial altar of Ru.
  4088 | D:6      | Reached XP level 9. HP: 64/73 MP: 14/14
  4146 | D:6      | Identified the +0 pair of gloves of Gluttony {-Tele rF+++
                  | rC- SInv}
  4146 | D:6      | Noticed Prince Ribbit
  4151 | D:6      | Killed Prince Ribbit
  4151 | D:6      | Reached ** piety under Okawaru
  4273 | D:6      | Noticed Menkaure
  4285 | D:6      | Killed Menkaure
  4554 | D:6      | Reached skill level 5 in Invocations
  4718 | D:6      | Found Qena's Overcharged Wands.
  4912 | D:7      | Found a hide-covered altar of Uskayaw.
  4918 | D:7      | Identified a scroll of acquirement
  4918 | D:7      | Acquired the +8 trishula "Condemnation" {holy, anguish,
                  | *Noise Fly rN+}
  4918 | D:7      | Found the +8 trishula "Condemnation" {holy, anguish, *Noise
                  | Fly rN+}
  4931 | D:7      | Got the Anthology of Metamorphosis
  5004 | D:7      | Reached *** piety under Okawaru
  5559 | D:7      | Reached skill level 5 in Short Blades
  5559 | D:7      | Reached skill level 5 in Long Blades
  5559 | D:7      | Reached skill level 5 in Maces & Flails
  5559 | D:7      | Reached skill level 5 in Polearms
  5559 | D:7      | Reached skill level 5 in Staves
  5559 | D:7      | Reached skill level 5 in Ranged Weapons
  5559 | D:7      | Reached skill level 5 in Throwing
  5559 | D:7      | Reached skill level 5 in Dodging
  5559 | D:7      | Reached skill level 5 in Stealth
  5559 | D:7      | Reached skill level 5 in Unarmed Combat
  5559 | D:7      | Reached skill level 5 in Spellcasting
  5559 | D:7      | Reached skill level 5 in Evocations
  5559 | D:7      | Reached XP level 10. HP: 70/81 MP: 17/17
  5611 | D:7      | Found a glowing silver altar of Zin.
  6883 | D:8      | Found a flagged portal.
  6895 | Bailey   | Entered a bailey
  7164 | Bailey   | Reached **** piety under Okawaru
  7377 | Bailey   | Noticed an orc knight
  7390 | Bailey   | Killed an orc knight
  7549 | Bailey   | Noticed an orc warlord
  7572 | Bailey   | Killed an orc warlord
  7572 | Bailey   | Received a gift from Okawaru
  7573 | Bailey   | Reached skill level 5 in Conjurations
  7573 | Bailey   | Reached skill level 5 in Hexes
  7573 | Bailey   | Reached skill level 5 in Summonings
  7573 | Bailey   | Reached skill level 5 in Necromancy
  7573 | Bailey   | Reached skill level 5 in Translocations
  7573 | Bailey   | Reached skill level 5 in Transmutations
  7573 | Bailey   | Reached skill level 5 in Fire Magic
  7573 | Bailey   | Reached skill level 5 in Ice Magic
  7573 | Bailey   | Reached skill level 5 in Air Magic
  7573 | Bailey   | Reached skill level 5 in Earth Magic
  7573 | Bailey   | Reached skill level 5 in Poison Magic
  7573 | Bailey   | Reached XP level 11. HP: 48/89 MP: 12/20
  7922 | D:8      | Noticed Joseph
  7934 | D:8      | Killed Joseph
  7934 | D:8      | Received a gift from Okawaru
  8447 | D:9      | Noticed Pikel
  8447 | D:9      | Found a stormy altar of Qazlal.
  8760 | D:8      | Killed Pikel
  8893 | D:9      | Noticed a death yak
  8894 | D:9      | Noticed a death yak
  8894 | D:9      | Noticed a death yak
  8899 | D:9      | Noticed a death yak
  8907 | D:9      | Noticed a death yak
  8911 | D:9      | Killed a death yak
  8917 | D:9      | Killed a death yak
  8923 | D:9      | Killed a death yak
  8923 | D:9      | Reached ***** piety under Okawaru
  8929 | D:9      | Killed a death yak
  8940 | D:9      | Killed a death yak
  8993 | D:9      | Found a staircase to the Lair.
  9695 | D:10     | Entered Level 10 of the Dungeon
  9725 | D:10     | Noticed a two-headed ogre
  9730 | D:10     | Identified the +0 ring mail of the Nurturing Gods {Int+4}
                  | (Okawaru gifted it to you on level 10 of the Dungeon)
  9730 | D:10     | Received a gift from Okawaru
  9734 | D:10     | Killed a two-headed ogre
 10452 | D:10     | Reached XP level 12. HP: 97/97 MP: 19/22
 10506 | D:10     | Found a staircase to the Orcish Mines.
 10660 | D:11     | Noticed Grum
 10670 | D:11     | Killed Grum
 10853 | D:11     | Noticed a sun demon
 11816 | D:11     | Reached skill level 10 in Fighting
 11816 | D:11     | Reached skill level 10 in Armour
 11816 | D:11     | Reached skill level 10 in Shields
 12524 | D:12     | Received a gift from Okawaru
 12716 | D:12     | Found a portal to a secret trove of treasure.
 12922 | D:12     | Noticed a boulder beetle
 12937 | D:12     | Killed a boulder beetle
 13017 | D:13     | Noticed a two-headed ogre
 13021 | D:13     | Killed a two-headed ogre
 13228 | Orc:1    | Entered Level 1 of the Orcish Mines
 13404 | Orc:1    | Reached XP level 13. HP: 98/104 MP: 25/25
 13460 | Orc:1    | Found Ockoh's Antique Weapon Shoppe.
 13509 | Orc:1    | Paralysed by an orc sorcerer for 3 turns
 13518 | Orc:1    | Received a gift from Okawaru
 13655 | Orc:1    | Noticed Sonja
 13665 | Orc:1    | Noticed an orc warlord
 13669 | Orc:1    | Killed Sonja
 13726 | Orc:1    | Received a gift from Okawaru
 13919 | D:10     | Reached XP level 14. HP: 111/111 MP: 26/26
 13939 | D:10     | Killed an orc warlord
 14062 | Orc:1    | Reached skill level 10 in Axes
 14352 | Orc:2    | Entered Level 2 of the Orcish Mines
 14353 | Orc:2    | Noticed an orc warlord
 14370 | Orc:2    | Killed an orc warlord
 15201 | Orc:2    | Found Tazxefunef's Antique Weapon Boutique.
 15290 | Orc:2    | Noticed Blork the orc
 15297 | Orc:2    | Noticed an orc warlord
 16383 | Orc:1    | Reached skill level 10 in Invocations
 16388 | Orc:2    | Killed an orc warlord
 16599 | Orc:2    | Killed Blork the orc
 18215 | Orc:2    | Found Apneo's General Store.
 18300 | Orc:2    | Found Ywirhost's Jewellery Emporium.
 18324 | Orc:2    | Bought a scroll of magic mapping for 112 gold pieces
 18324 | Orc:2    | Bought a scroll of poison for 60 gold pieces
 18432 | Orc:2    | Found Cuno Liu's Antique Armour Emporium.
 18446 | Orc:2    | Found a staircase to the Elven Halls.
 18452 | Orc:2    | Noticed an orc warlord
 18465 | Orc:2    | Killed an orc warlord
 18606 | Orc:2    | Found Leubirph's Antique Weapon Emporium.
 18923 | Elf:1    | Entered Level 1 of the Elven Halls
 19577 | Elf:1    | Noticed a deep elf demonologist
 19588 | Elf:1    | Killed from afar by a deep elf zephyrmancer

Illustrated notes

Levels and vault maps discovered:
D:1:      amcnicky_arrival_flooded_fountain, layout_rooms,
          dreamdust_mushroom_princess, minmay_tree_intersection,
          minmay_worlds_worst_comb
D:2:      cheibrodos_old_hovel, layout_rooms,
          shapermc_ecumenical_altar_mp_highgroup, grunt_ministairs_13,
          minmay_diced_spiral, uniq_sigmund
D:3:      layout_rooms, hangedman_feature_mirror, kennysheep_another_room
D:4:      black_bear_nest_2, layout_loops_ring, lemuel_tele_altar, uniq_grinder
D:5:      layout_loops_ring, minmay_temple_entry_trees
D:6:      layout_rooms, mainiacjoe_overflow_tiny_flanked,
          nicolae_shop_overcharged_wands, uniq_prince_ribbit1, uniq_menkaure
D:7:      layout_gridville, grunt_temple_overflow_open
D:8:      layout_basic, enter_bailey_3, uniq_joseph
D:9:      layout_basic, grunt_qazlal_clouds, dpeg_lair_monsters, uniq_pikel
D:10:     layout_long_grid, erik_orc_1, hangedman_decor_diamond_cutter
D:11:     layout_stronghold, uniq_grum
D:12:     layout_gridville, nicolae_trove_entry_path_of_doom, grunt_ministairs_8
D:13:     layout_irregular_city, grunt_vaults_entry_tiered, serial_column_ruins,
          column_ruins_square_large, column_ruins_columns_corner,
          column_ruins_grid_3, column_ruins_open_small,
          column_ruins_corridor_corner, column_ruins_grid_1, uniq_nessos
Temple:   hellmonk_temple_divided_pantheon
Orc:1:    layout_caves, serial_shops, shop_statue, bh_open_orc_temple,
          uniq_sonja
Orc:2:    grunt_orc_cross, layout_caves, basic_altar, serial_shops, shop,
          nicolae_orc_pool_cavern
Elf:1:    elf_arrival_002, layout_loops_ring, basic_altar,
          minmay_elf_demonology, uniq_jorgrun

Skill      XL: |  1  2  3  4  5  6  7  8  9 10 11 12 13 14 |
---------------+-------------------------------------------+-----
Invocations    | 1 2 3 4 5 6 7 8 9 10 | 10.4
Short Blades   | 1 2 3 5 6 7 8 9 |  9.5
Long Blades    | 1 2 3 5 6 7 8 9 |  9.5
Maces & Flails | 1 2 3 5 6 7 8 9 |  9.5
Polearms       | 1 2 3 5 6 7 8 9 |  9.5
Staves         | 1 2 3 5 6 7 8 9 |  9.5
Ranged Weapons | 1 2 3 5 6 7 8 9 |  9.5
Throwing       | 1 2 3 5 6 7 8 9 |  9.5
Dodging        | 1 2 3 5 6 7 8 9 |  9.5
Stealth        | 1 2 3 5 6 7 8 9 |  9.5
Unarmed Combat | 1 2 3 5 6 7 8 9 |  9.5
Spellcasting   | 1 2 3 5 6 7 8 9 |  9.5
Evocations     | 1 2 3 5 6 7 8 9 |  9.5
Conjurations   | 1 2 3 4 5 6 7 8 |  8.0
Hexes          | 1 2 3 4 5 6 7 8 |  8.0
Summonings     | 1 2 3 4 5 6 7 8 |  8.0
Necromancy     | 1 2 3 4 5 6 7 8 |  8.0
Translocations | 1 2 3 4 5 6 7 8 |  8.0
Transmutations | 1 2 3 4 5 6 7 8 |  8.0
Fire Magic     | 1 2 3 4 5 6 7 8 |  8.0
Ice Magic      | 1 2 3 4 5 6 7 8 |  8.0
Air Magic      | 1 2 3 4 5 6 7 8 |  8.0
Earth Magic    | 1 2 3 4 5 6 7 8 |  8.0
Poison Magic   | 1 2 3 4 5 6 7 8 |  8.0
Axes           | 5 6 7 8 9 10 | 10.6
Fighting       | 7 8 9 10 11 | 11.5
Armour         | 7 8 9 10 11 | 11.5
Shields        | 7 8 9 10 11 | 11.5

Action                   |  1- 3 |  4- 6 |  7- 9 | 10-12 | 13-15 || total
-------------------------+-------+-------+-------+-------+-------++-------
Melee: War axe           |   107 |   122 |   242 |       |       ||   471
       Bite              |     8 |    12 |    37 |    52 |    51 ||   160
       Trishula          |       |       |    40 |   531 |   375 ||   946
Throw: Javelin           |       |     1 |     7 |    43 |    11 ||    62
       Dart              |       |       |       |       |     2 ||     2
Invok: Heroism           |       |       |     2 |    12 |    14 ||    28
       Finesse           |       |       |       |     5 |     6 ||    11
Evoke: Wand              |       |       |     1 |     1 |       ||     2
  Use: Scroll            |     2 |     3 |     8 |     7 |     4 ||    24
       Potion            |       |     1 |    12 |     4 |     3 ||    20
Armor: Scale mail        |    70 |    32 |       |       |       ||   102
       Plate armour      |       |    39 |   195 |   247 |   125 ||   606
Dodge: Dodged            |    49 |    28 |   100 |   187 |   164 ||   528
Block: Buckler           |    34 |    23 |   116 |   154 |   108 ||   435
